 Dungeon Crawl Stone Soup version 0.22-a0-833-g8522bf8125 (webtiles) character file.

5 Banto the Digger (level 1, 0/11 HPs)
             Began as an Octopode Earth Elementalist on July 25, 2018.
             Slain by a bat (1 damage)
             ... on level 1 of the Dungeon.
             The game lasted 00:00:20 (163 turns).

Banto the Digger (Octopode Earth Elementalist)       Turns: 163, Time: 00:00:21

Health: 0/11       AC:  1    Str:  7    XL:     1   Next: 80%
Magic:  0/3        EV: 13    Int: 17    God:
Gold:   0          SH:  0    Dex: 12    Spells: 3/4 levels left

rFire    . . .     SeeInvis .   (no weapon)
rCold    . . .     Gourm    .   (no shield)
rNeg     . . .     Faith    .   (helmet restricted)
rPois    .         Spirit   .   (no amulet)
rElec    .         Reflect  .   (no ring)
rCorr    .         Harm     .   (no ring)
MR       .....                  (no ring)
Stlth    +++.......             (no ring)
HPRegen  0.03/turn              (no ring)
MPRegen  0.08/turn              (no ring)
                                (no ring)
                                (no ring)

@: no status effects
A: almost no armour, stealthy swim, amphibious, 8 rings, constrict 8, camouflage
1, gelatinous body 1
a: no special abilities


You were on level 1 of the Dungeon.
You were not hungry.

You visited 1 branch of the dungeon, and saw 1 of its levels.

Inventory:

Missiles
 b - 25 stones (quivered)
Scrolls
 d - a scroll of identify {unknown}
Comestibles
 a - a chunk of flesh
 c - a ration


   Skills:
 - Level 2.0 Dodging
 + Level 3.1 Stealth
 - Level 2.0 Spellcasting
   Level 1.0 Transmutations
 + Level 3.2 Earth Magic


You had 3 spell levels left.
You knew the following spells:

 Your Spells              Type           Power        Failure   Level  Hunger
a - Sandblast             Erth           ##....       5%          1    #......

Your spell library contained the following spells:

 Spells                   Type           Power        Failure   Level  Hunger
 Stone Arrow              Conj/Erth      #.....       30%         3    ###....
 Passwall                 Tmut/Erth      #.......     12%         2    ###....
 Lee's Rapid Deconstruct  Erth           ##........   82%         5    ######.
 Petrify                  Tmut/Erth      #.......     63%         4    #####..


Dungeon Overview and Level Annotations

Branches:
Dungeon (1/15)

Altars:


Innate Abilities, Weirdness & Mutations

You cannot wear most types of armour.
You are very stealthy in the water. (Stealth+)
You are amphibious.
You can wear up to eight rings at the same time.
You can use your tentacles to constrict eight enemies at once.
Your skin changes colour to match your surroundings (Stealth+).
Your rubbery body absorbs attacks. (AC +1, EV +1)


Message History

The hobgoblin hits you with a club.
You take 2 damage, and have 4/11 hp.
You tentacle-slap the hobgoblin but do no damage.
You constrict the hobgoblin, but do no damage.
The hobgoblin hits you with a club.
* * * LOW HITPOINT WARNING * * *
You take 3 damage, and have 1/11 hp.
MASSIVE DAMAGE!!
You release your grip on the hobgoblin.
A bat comes into view.
Casting: Sandblast (safe; 5% risk of failure)
Confirm with . or Enter, or press ? or * to list all spells.
Aiming: Sandblast (safe; 5% risk of failure)
Press: ? - help, Shift-Dir - straight line, f/p - hobgoblin
Aim: a hobgoblin, wielding a club The blast of sand hits the hobgoblin.
b - 25 stones The hobgoblin hits you but does no damage.
You now have 0/3 mp.
The bat completely misses you. The bat hits you.
You die...

######.. #......#
##############......#
#....!...............
#...................#
#...S................
#..................##
#....bg......#.......
##..@#.....$.+.......
#...#.......#.......
#...#.............#.
#...##.............#.
#... #...............
...# #.........#.....
...# #.........#.....
...# #........ ......
.....#


You could see a hobgoblin, a bat and a ball python (sleeping).

Vanquished Creatures
  A goblin (D:1)
  A hobgoblin (D:1)
  A bat (D:1)
  2 kobolds (D:1)
5 creatures vanquished.

Notes
Turn   | Place    | Note
-------+----------+-------------------------------------------
     0 | D:1      | Banto the Octopode Earth Elementalist began the quest for the Orb.
     0 | D:1      | Reached XP level 1. HP: 11/11 MP: 3/3
   163 | D:1      | Slain by a bat

Vault maps used:
D:1:      scummos_arrival_star, eino_curves_02, st_stairs_10

Skill      XL: |  1 |
---------------+----+-----
Stealth        | 3 |  3.1
Dodging        | |  2.0
Spellcasting   | |  2.0
Transmutations | |  1.0
Earth Magic    | |  3.2

Action                   || total
-------------------------++-------
Melee: Unarmed           ||     9
       Constrict         ||     4
       Tentacles         ||     2
 Cast: Sandblast         ||     5
 Stab: Sleeping          ||     1
Dodge: Dodged            ||    11

Table legend:
 A = Spawn XP
 B = Non-spawn XP
 C = Spawn XP percentage of total XP
 D = Spawn monster count
 E = Non-spawn monster count
 F = Spawn count percentage of total count
 G = Total turns spent on level
                    A         B        C        D         E        F      G
               +---------+---------+-------+---------+---------+-------+---------
         Total |       0 |       8 |   0.0 |       0 |       5 |   0.0 |   163
               +---------+---------+-------+---------+---------+-------+---------
           D:1 |       0 |       8 |   0.0 |       0 |       5 |   0.0 |   163
               +---------+---------+-------+---------+---------+-------+---------

Table legend:
 A = Turns spent in this place as a percentage of turns spent in the entire game.
 B = Non-inter-level travel turns spent in this place as a percentage of non-inter-level travel turns spent in the entire game.
 C = Inter-level travel turns spent in this place as a percentage of turns spent in this place.
 D = Turns resting spent in this place as a percentage of non-inter-level travel turns spent in this place.
 E = Turns spent auto-exploring this place as a percentage of non-inter-level travel turns spent in this place.
 F = Non-inter-level travel turns spent in this place divided by the number of levels of this place that you've seen.
                   A       B       C       D       E      F
               +-------+-------+-------+-------+-------+----------------------
         Total | 100.0 | 100.0 |   0.0 |  61.3 |   2.5 | 163.0
       Dungeon | 100.0 | 100.0 |   0.0 |  61.3 |   2.5 | 163.0
               +-------+-------+-------+-------+-------+----------------------

Table legend:
 A = Kills in this place as a percentage of kills in entire the game.
 B = Kills by you in this place as a percentage of kills by you in the entire game.
 C = Kills by friends in this place as a percentage of kills by friends in the entire game.
 D = Other kills in this place as a percentage of other kills in the entire game.
 E = Experience gained in this place as a percentage of experience gained in the entire game.
 F = Experience gained in this place divided by the number of levels of this place that you have seen.
                   A       B       C       D       E      F
               +-------+-------+-------+-------+-------+----------------------
         Total | 100.0 | 100.0 |   N/A |   N/A | 100.0 |   8.0
       Dungeon | 100.0 | 100.0 |   N/A |   N/A | 100.0 |   8.0
               +-------+-------+-------+-------+-------+----------------------
